 Dungeon Crawl Stone Soup version 0.32-a0-119-g2e8054a333 (webtiles) character file.

Game seed: 16467358489216882351

162731 CrazyBamboolord the Warrior (level 17, -15/166 HPs)
             Began as a Hill Orc Fighter on Feb 6, 2024.
             Was the Champion of the Shining One.
             Demolished by a nagaraja
             ... wielding a +0 spear
              (25 damage)
             ... on level 4 of the Snake Pit.
             The game lasted 00:59:53 (33091 turns).

CrazyBamboolord the Warrior (Hill Orc Fighter)     Turns: 33091, Time: 00:59:53

Health: -15/166    AC: 28    Str: 27    XL:     17   Next: 81%
Magic:  22/27      EV: 12    Int: 11    God:    the Shining One [******]
Gold:   2850       SH: 13    Dex: 10    Spells: 16/16 levels left

rFire   + + .        b - +2 war axe (freeze)
rCold   . . .        I - +0 kite shield {AC+3}
rNeg    + + +        N - +7 swamp dragon scales of the Hanged Man {rPois rF++ Int+3}
rPois   +            e - +0 helmet
rElec   .            O - scarf {repulsion}
rCorr   .            h - +1 pair of gloves
SInv    .            n - +0 pair of boots
Will    +....        Y - amulet of regeneration Stlth
                     (no ring)
HPRegen 1.27/turn    U - ring of positive energy
MPRegen 0.20/turn

%: repel missiles
@: lethally poisoned (-15 -> -15), untranslocatable, glowing
A: no striking features
a: Renounce Religion, Divine Shield, Cleansing Flame, Summon Divine Warrior,
Brand Weapon With Holy Wrath


You were on level 4 of the Snake Pit.
You worshipped the Shining One.
The Shining One was exalted by your worship.
You visited 5 branches of the dungeon, and saw 26 of its levels.

You collected 3131 gold pieces.
You spent 281 gold pieces at shops.

Inventory:

Hand Weapons
 a - a +3 war axe of flaming
 b - a +2 war axe of freezing (weapon)
Missiles
 x - 5 throwing nets (quivered)
 F - 4 curare-tipped darts
Armour
 e - a +0 helmet (worn)
 h - a +1 pair of gloves (worn)
 n - a +0 pair of boots (worn)
 I - a +0 kite shield of protection (worn)
 L - +3 gold dragon scales
 N - the +7 swamp dragon scales of the Hanged Man (worn) {rPois rF++ Int+3}
   (You found it on level 11 of the Dungeon)

   Int+3:     It affects your intelligence (+3).
   rF++:      It greatly protects you from fire.
   rPois:     It protects you from poison
 O - a scarf of repulsion (worn)
Jewellery
 o - an amulet of guardian spirit
 v - a ring of ice
 y - a +6 ring of intelligence
 T - a ring of ice
 U - a ring of positive energy (right hand)
 Y - an amulet of regeneration (around neck)
Wands
 f - a wand of roots (8)
 i - a wand of charming (14)
 k - a wand of flame (114)
 r - a wand of digging (6)
 D - a wand of mindburst (6)
 R - a wand of polymorph (2)
Scrolls
 g - 4 scrolls of revelation
 j - a scroll of brand weapon
 p - 3 scrolls of amnesia
 s - 4 scrolls of noise
 t - 7 scrolls of poison
 u - 7 scrolls of teleportation
 w - 3 scrolls of blinking
 B - 3 scrolls of fog
 C - 3 scrolls of immolation
 G - 7 scrolls of vulnerability
 J - a scroll of silence
Potions
 c - a potion of haste
 l - 5 potions of lignification
 m - 9 potions of curing
 q - 4 potions of brilliance
 z - 5 potions of resistance
 A - 5 potions of attraction
 H - a potion of ambrosia
 M - 4 potions of enlightenment
 Q - a potion of cancellation {unknown}
 V - a potion of magic {unknown}
 W - 3 potions of might
Miscellaneous
 d - a condenser vane


   Skills:
 * Level 18.8 Fighting
 - Level 16.0 Axes
 * Level 17.3 Armour
 + Level 4.1 Dodging
 * Level 17.3 Shields
 + Level 14.3 Invocations


You had 16 spell levels left.
You didn't know any spells.
Your spell library contained the following spells:

 Spells                   Type           Power      Damage    Failure   Level
 Apportation              Tloc           0%         N/A       52%         1
 Magic Dart               Conj           0%         1d3       52%         1
 Necrotise                Necr           0%         1d4       52%         1
 Shock                    Conj/Air       0%         1d3       52%         1
 Sting                    Conj/Alch      0%         1d3       52%         1
 Summon Small Mammal      Summ           0%         N/A       52%         1
 Blink                    Tloc           0%         N/A       65%         2
 Call Imp                 Summ           0%         N/A       65%         2
 Cigotuvi's Dreadful Rot  Necr/Alch/Air  0%         N/A       65%         2
 Jinxbite                 Hex            0%         N/A       65%         2
 Mercury Vapours          Alch/Air       0%         N/A       65%         2
 Searing Ray              Conj           0%         2d4       65%         2
 Inner Flame              Hex/Fire       0%         N/A       87%         3
 Mephitic Cloud           Conj/Alch/Air  0%         N/A       87%         3
 Stone Arrow              Conj/Erth      0%         3d7       87%         3
 Summon Ice Beast         Ice/Summ       0%         N/A       87%         3
 Swiftness                Air            0%         N/A       87%         3
 Airstrike                Air            0%         2d(0-16)  99%         4
 Anguish                  Hex/Necr       0%         N/A       99%         4
 Animate Armour           Summ/Erth      0%         N/A       99%         4
 Cause Fear               Hex            0%         N/A       99%         4
 Flame Wave               Conj/Fire      0%         2d4       99%         4
 Fulminant Prism          Conj/Alch      0%         3d5       99%         4
 Ignite Poison            Fire/Alch      0%         N/A       99%         4
 Olgreb's Toxic Radiance  Alch           0%         N/A       99%         4
 Sticky Flame             Fire/Alch      0%         2d4       99%         4
 Alistair's Intoxication  Alch           0%         N/A       100%        5
 Freezing Cloud           Conj/Ice/Air   0%         6-21      100%        5
 Metabolic Englaciation   Hex/Ice        0%         N/A       100%        5
 Summon Mana Viper        Hex/Summ       0%         N/A       100%        5
 Enfeeble                 Hex            0%         N/A       100%        7
 Monstrous Menagerie      Summ           0%         N/A       100%        7
 Ignition                 Fire           0%         3d3       100%        8
 Lehudib's Crystal Spear  Conj/Erth      0%         10d2      100%        8


Dungeon Overview and Level Annotations

Branches:
Dungeon (14/15)            Temple (1/1) D:4            Lair (5/5) D:9
 Shoals (0/4) Lair:2        Snake (4/4) Lair:2        Slime (0/5) Lair:5
    Orc (2/2) D:12            Elf (0/3) Orc:2        Vaults (0/5) D:13

Altars:
Ashenzari
Cheibriados
Dithmenos
Elyvilon
Fedhas
Gozag
Hepliaklqana
Kikubaaqudgha
Makhleb
Nemelex Xobeh
Okawaru
Qazlal
Ru
Sif Muna
Trog
Uskayaw
Vehumet
Wu Jian
Xom
Yredelemnul
Zin
The Shining One

Shops:
D:1 *   D:10 (   D:12 (   Orc:2 [:[*   Snake:1 *   Snake:3 ::=

Annotations:
D:1 1 exclusion
D:9 2 transporters, topfpfpflanze's ghost, novice FeCj
D:10 2 transporters, YordlordTheGreat's ghost, novice TrCA
D:13 exclusion: obsidian statue
Lair:5 exclusion: obsidian statue
Snake:4 3 exclusions
Orc:2 3 runed translucent doors, Luihuable's ghost, journeyman HOCK


Message History

You feel sick. The naga warrior spits poison at you.
The splash of poison is repelled.
Unknown command.
You hit the naga warrior. You freeze the naga warrior.
The naga warrior is almost dead.
You feel sick. The nagaraja misses you. The naga warrior barely misses you.
You block the naga warrior's attack.
Unknown command.
You hit the naga warrior. You freeze the naga warrior.
The naga warrior is almost dead.
You feel sick. You block the nagaraja's attack.
You block the naga warrior's attack. The naga warrior grabs you.
The naga warrior constricts you.
You barely miss the naga warrior.
The naga warrior is almost dead.
You feel sick.
The nagaraja points at you and mumbles some strange words.
The bolt of poison hits you! You resist.
* * * LOW HITPOINT WARNING * * *
Unknown command.
Activating: Cleansing Flame (1% risk of failure)
Press: ? - help, Dir - look around, f - activate The golden flame engulfs you but does no damage.
You resist.
The golden flame engulfs the naga warrior!!
You kill the naga warrior!
The golden flame engulfs the nagaraja!!
The nagaraja is moderately wounded.
You feel sick.
You hear a shout! x7
The nagaraja hits you from afar with a +0 spear!
* * * LOW HITPOINT WARNING * * *
Unknown command.
As you read the scroll of fear, it crumbles to dust.
You assume a fearsome visage.
The nagaraja resists with almost no effort.
You feel sick.
The nagaraja hits you from afar with a +0 spear!!
You die...

#.............##....##....##....
#.....[........#################
#############....# #....#
##.<..## #......# #......#
#..)...# ########
***###...@..#####......###
*****,................)......#
****,,,,,.......N................
*,,,,,,,,............).........))
,,,,,,,,,............$........)..
,,,,,,,,*####......######....).##
,,,,,**** #......# ########
,,*,** #......# ,,*,** #......#


You could see a nagaraja (strong).

Vanquished Creatures
  Saint Roka (Snake:4)
  Aizul (Snake:4)
  Kirke (D:13)
  2 nagarajas (Snake:4)
  An ironbound preserver (D:13)
  3 dire elephants (Lair:5)
  Nessos (Lair:3)
  2 hydras
  A salamander tyrant (Snake:3)
  A catoblepas (Lair:2)
  6 boulder beetles
  2 ogre magi (Orc:2)
  Erolcha (D:9)
  6 anacondas
  21 two-headed ogres
  5 centaur warriors (D:13)
  A tengu warrior (D:13)
  2 death yaks
  16 naga warriors
  An orc high priest (Orc:1)
  6 naga sharpshooters
  5 shock serpents
  Urug (Lair:5)
  Nergalle (D:10)
  A skyshark (Lair:4)
  A spectral death yak (Lair:5)
  A fire crab (shapeshifter) (D:14)
  A spectral anaconda (Lair:5)
  4 salamander mystics
  4 skeletal warriors (D:13)
  Lodul (D:13)
  3 deep trolls
  6 mana vipers
  5 naga ritualists
  Pikel (D:4)
  An orc knight (Orc:1)
  A lindwurm (Lair:4)
  4 necromancers (Lair:5)
  2 orc sorcerers
  8 cyclopes
  A deep elf pyromancer (D:12)
  19 ugly things
  Maurice (D:7)
  22 salamanders
  27 black mambas
  6 kobold blastminers
  A water nymph (Lair:2)
  16 naga magi
  5 cane toads
  3 guardian serpents
  14 elephants
  A cane toad (shapeshifter) (D:11)
  2 torpor snails (Lair:2)
  A dire elephant skeleton (Lair:5)
  An unseen horror (D:12)
  7 komodo dragons
  A kobold demonologist (D:13)
  2 rime drakes (Lair:5)
  2 tengu conjurers (D:14)
  13 trolls
  An efreet (D:14)
  A queen bee (shapeshifter) (D:11)
  Psyche (D:8)
  2 polar bears
  Prince Ribbit (Lair:3)
  2 spectral elephants (Lair:5)
  10 blink frogs
  2 hornets (D:9)
  9 dream sheep
  Sigmund (D:5)
  A shadow (D:10)
  14 slime creatures
  A spriggan (shapeshifter) (D:13)
  2 vampires
  5 wyverns
  36 yaks
  Eustachio (D:5)
  3 basilisks
  3 hogs (D:13)
  A human (D:12)
  A hog (shapeshifter) (D:11)
  4 wargs
  13 vampire mosquitoes
  A steam dragon (Lair:1)
  Edmund (D:5)
  41 nagas
  A spectral cane toad (Lair:5)
  An acid dragon (D:13)
  8 water moccasins
  A sky beast (D:7)
  3 black bears
  2 ice beasts (D:8)
  2 laughing skulls (D:13)
  An elephant zombie (Lair:5)
  26 orc warriors
  7 centaurs
  7 wolves (Lair:3)
  A lemure (D:4)
  24 ogres
  3 kobold brigands
  A gnoll sergeant (D:11)
  14 bullfrogs
  A scorpion (D:7)
  5 wights
  5 killer bees (D:9)
  8 howler monkeys
  2 bombardier beetles
  3 lava snakes (Lair:2)
  2 hounds
  14 orc priests
  A gnoll bouda (D:11)
  A sleepcap (D:5)
  6 jellies
  Jessica (D:3)
  3 iguanas
  8 hell rats (Lair:2)
  27 orc wizards
  8 adders
  19 river rats (Lair:2)
  13 gnolls
  A white imp (D:7)
  2 ufetubi (D:5)
  4 dart slugs
  A ribbon worm (D:3)
  74 orcs
  7 ball pythons
  6 bats
  19 endoplasms
  4 giant cockroaches
  12 goblins
  6 hobgoblins
  19 kobolds
  7 quokkas
  A frilled lizard (D:1)
  13 rats
840 creatures vanquished.

Vanquished Creatures (collateral kills)
  Rupert (D:12)
  2 naga warriors (Snake:2)
  A naga sharpshooter (Snake:2)
  A salamander mystic (Snake:2)
  2 ugly things (D:11)
  3 salamanders (Snake:2)
  2 guardian serpents (Snake:2)
  A vampire mosquito (D:11)
  3 nagas (Snake:2)
  A gnoll bouda (D:11)
  4 gnolls (D:11)
21 creatures vanquished.

Vanquished Creatures (others)
  A salamander (Snake:2)
  A naga mage (Snake:4)
  3 humans (D:13)
  A centaur (D:13)
6 creatures vanquished.

Grand Total: 867 creatures vanquished

Notes
Turn   | Place    | Note
-------+----------+-------------------------------------------
     0 | D:1      | CrazyBamboolord the Hill Orc Fighter began the quest for
                  | the Orb.
     0 | D:1      | Reached XP level 1. HP: 19/19 MP: 1/1
   228 | D:1      | Reached XP level 2. HP: 27/27 MP: 2/2
   662 | D:1      | Found Ocoth's General Store.
   669 | D:1      | Bought a potion of heal wounds for 55 gold pieces
   838 | D:1      | Reached skill level 4 in Fighting
  1079 | D:2      | Reached XP level 3. HP: 33/33 MP: 3/3
  1238 | D:2      | Found a stormy altar of Qazlal.
  1238 | D:2      | Found a radiant altar of Vehumet.
  1238 | D:2      | Found a sparkling altar of Nemelex Xobeh.
  1238 | D:2      | Found a shimmering altar of Xom.
  1238 | D:2      | Found a basalt altar of Yredelemnul.
  1238 | D:2      | Found a sparkling altar of Nemelex Xobeh.
  1242 | D:2      | Reached XP level 4. HP: 28/40 MP: 4/4
  1426 | D:2      | Reached XP level 5. HP: 47/47 MP: 5/5
  1773 | D:2      | Found a faded altar of an unknown god.
  2461 | D:3      | Noticed Jessica
  2470 | D:3      | Killed Jessica
  2657 | D:3      | Identified the +0 ring mail of Xaegaoch {Str+4 Int+2}
  2994 | D:4      | Reached XP level 6. HP: 46/55 MP: 6/6
  2996 | D:4      | Reached skill level 5 in Fighting
  3111 | D:4      | Noticed Pikel
  3138 | D:4      | Killed Pikel
  3139 | D:4      | Reached skill level 6 in Fighting
  3139 | D:4      | Reached skill level 5 in Axes
  3139 | D:4      | Reached skill level 5 in Armour
  3139 | D:4      | Reached skill level 5 in Shields
  3139 | D:4      | Reached XP level 7. HP: 27/63 MP: 7/7
  3325 | D:4      | Found a staircase to the Ecumenical Temple.
  3372 | Temple   | Entered the Ecumenical Temple
  3408 | Temple   | Became a worshipper of Elyvilon the Healer
  4197 | D:5      | Entered Level 5 of the Dungeon
  4207 | D:5      | Reached skill level 1 in Invocations
  4207 | D:5      | Reached XP level 8. HP: 29/71 MP: 8/8
  4745 | D:5      | Reached * piety under Elyvilon
  5055 | D:5      | Reached skill level 7 in Fighting
  5114 | D:5      | Noticed Sigmund
  5123 | D:5      | Killed Sigmund
  5281 | D:5      | Found a bloodstained altar of Trog.
  5294 | D:5      | Reached XP level 9. HP: 59/79 MP: 11/11
  5357 | D:5      | Found a shimmering blue altar of Sif Muna.
  5361 | D:5      | Got Sif Muna's Codex of the Mob
  5467 | D:5      | Noticed Edmund
  5473 | D:5      | Killed Edmund
  5521 | D:5      | Noticed Eustachio
  5543 | D:5      | Killed Eustachio
  5698 | D:5      | Reached ** piety under Elyvilon
  6230 | D:6      | Reached skill level 8 in Fighting
  6670 | D:7      | Reached *** piety under Elyvilon
  7042 | D:7      | Noticed Maurice
  7058 | D:7      | Something stole a ring of ice
  7061 | D:7      | Something stole 2 throwing nets
  7062 | D:7      | Something stole 393 gold
  7075 | D:7      | Killed Maurice
  7076 | D:7      | Reached XP level 10. HP: 32/90 MP: 1/13
  7524 | D:8      | Reached skill level 9 in Fighting
  7524 | D:8      | Reached skill level 5 in Invocations
  7755 | D:8      | Noticed a two-headed ogre
  7779 | D:7      | Killed a two-headed ogre
  8147 | D:8      | Reached **** piety under Elyvilon
  8299 | D:8      | Noticed Psyche
  8305 | D:8      | Killed Psyche
  8436 | D:9      | Reached skill level 10 in Axes
  8437 | D:9      | Noticed a two-headed ogre
  8438 | D:9      | Noticed a two-headed ogre
  8616 | D:9      | Killed a two-headed ogre
  8626 | D:9      | Killed a two-headed ogre
  8627 | D:9      | Reached skill level 10 in Fighting
  8627 | D:9      | Reached XP level 11. HP: 56/99 MP: 15/15
  8638 | D:9      | Noticed Erolcha
  8840 | D:9      | Noticed a two-headed ogre
  8840 | D:9      | Noticed a two-headed ogre
  8840 | D:9      | Identified the +6 dire flail of the Cursing Firefly {flame,
                  | Str+8 Dex+3}
  8840 | D:9      | Noticed a two-headed ogre
  8840 | D:9      | Noticed a two-headed ogre
  8840 | D:9      | Found a transporter.
  8840 | D:9      | Found a transporter.
  8841 | D:9      | Noticed topfpfpflanze's ghost (novice FeCj)
  8851 | D:9      | Found a staircase to the Lair.
  8856 | D:9      | Noticed a two-headed ogre
  8866 | D:9      | Killed a two-headed ogre
  9346 | D:9      | Noticed a two-headed ogre
  9373 | D:10     | Entered Level 10 of the Dungeon
  9389 | D:10     | Noticed a moth of wrath
  9390 | D:10     | Noticed YordlordTheGreat's ghost (novice TrCA)
  9392 | D:10     | Noticed a two-headed ogre
  9395 | D:10     | Noticed a tengu warrior
  9411 | D:10     | Found a bloodstained altar of Trog.
  9432 | D:10     | Noticed a two-headed ogre
  9442 | D:10     | Killed a two-headed ogre
  9498 | D:10     | Found a transporter.
  9501 | D:10     | Found a transporter.
  9809 | D:10     | Reached skill level 10 in Shields
  9936 | D:10     | Found Esue's Weapon Emporium.
  9939 | D:10     | Noticed Nergalle
  9960 | D:10     | Killed Nergalle
  9961 | D:10     | Reached skill level 10 in Armour
  9965 | D:10     | Identified the +0 falchion of Wrath {drain, rC+ rN+ Int+3}
 10383 | D:11     | Noticed a two-headed ogre
 10383 | D:11     | Noticed a cyan ugly thing
 10414 | D:11     | Reached skill level 11 in Fighting
 10555 | D:9      | Killed Erolcha
 11082 | D:9      | Found an iron altar of Okawaru.
 11083 | D:9      | Found a glowing golden altar of the Shining One.
 11248 | D:9      | Fell from the grace of Elyvilon
 11248 | D:9      | Became a worshipper of the Shining One
 11248 | D:9      | Reached * piety under the Shining One
 11248 | D:9      | Reached ** piety under the Shining One
 11372 | D:11     | Noticed a two-headed ogre
 11378 | D:11     | Killed a two-headed ogre
 11461 | D:11     | Noticed a white ugly thing
 11472 | D:11     | Killed a green ugly thing
 11473 | D:11     | Reached XP level 12. HP: 43/110 MP: 13/17
 11736 | D:11     | Killed a two-headed ogre
 11931 | D:11     | Identified the +6 trident of Insufficient Pleasure {flame,
                  | rCorr Dex+2}
 12129 | D:11     | Noticed a two-headed ogre
 12141 | D:11     | Killed a two-headed ogre
 12598 | D:11     | Noticed a two-headed ogre
 12749 | D:11     | Killed a two-headed ogre
 12818 | D:11     | Reached skill level 12 in Fighting
 13048 | D:11     | Identified the +7 swamp dragon scales of the Hanged Man
                  | {rPois rF++ Int+3}
 13140 | D:11     | Noticed a two-headed ogre
 13143 | D:11     | Killed a two-headed ogre
 13606 | D:11     | Noticed a two-headed ogre
 13616 | D:11     | Killed a two-headed ogre
 13994 | D:12     | Got the Codex of Bolts and Execration
 14102 | Lair:1   | Entered Level 1 of the Lair of Beasts
 14216 | Lair:1   | Noticed a boulder beetle
 14277 | Lair:1   | Killed a boulder beetle
 15185 | Lair:2   | Reached XP level 13. HP: 109/119 MP: 19/19
 15297 | Lair:2   | Reached *** piety under the Shining One
 15479 | Lair:2   | Reached skill level 13 in Fighting
 15625 | Lair:2   | Found a staircase to the Snake Pit.
 15779 | Lair:2   | Identified the +3 leather armour of Jigsaw {rC+}
 16965 | Lair:3   | Noticed Nessos
 17001 | Lair:2   | HP: 3/122 [poisoned by Nessos]
 17430 | Lair:3   | Killed Nessos
 17933 | Lair:3   | Noticed Prince Ribbit
 17939 | Lair:3   | Killed Prince Ribbit
 18368 | Lair:3   | Reached **** piety under the Shining One
 18763 | Lair:4   | Reached skill level 10 in Invocations
 19261 | Lair:4   | Reached XP level 14. HP: 117/130 MP: 21/21
 19527 | Lair:5   | Entered Level 5 of the Lair of Beasts
 19685 | Lair:5   | Reached skill level 14 in Fighting
 19787 | Lair:5   | Reached skill level 15 in Axes
 19972 | Lair:5   | Noticed a dire elephant
 19972 | Lair:5   | Noticed a dire elephant
 19972 | Lair:5   | Noticed a dire elephant
 20062 | Lair:5   | Found a staircase to the Slime Pits.
 20074 | Lair:5   | Noticed Urug
 20097 | Lair:5   | Killed Urug
 21019 | Lair:5   | Reached ***** piety under the Shining One
 21218 | Lair:5   | Killed a dire elephant
 21223 | Lair:5   | Killed a dire elephant
 21363 | Lair:5   | Killed a dire elephant
 21756 | Lair:5   | Identified the staff of Disaster {rF+ Will+ Fire}
 22525 | D:12     | Found Affaeple's Weapon Boutique.
 22570 | D:12     | Found a staircase to the Orcish Mines.
 22587 | D:12     | Reached skill level 15 in Fighting
 22783 | D:12     | You fall into a shaft and drop 2 floors!
 22892 | D:14     | Found a white marble altar of Elyvilon.
 22892 | D:14     | Found a glowing golden altar of the Shining One.
 22893 | D:14     | Found a glowing silver altar of Zin.
 22991 | D:14     | Reached XP level 15. HP: 127/141 MP: 23/23
 23629 | D:13     | Noticed Kirke
 23654 | D:13     | Killed Kirke
 23805 | D:13     | Noticed Lodul
 23822 | D:12     | Noticed Rupert
 24255 | D:12     | Paralysed by Rupert for 2 turns
 24264 | D:12     | Killed Rupert
 24344 | D:13     | Killed Lodul
 24580 | D:13     | Found a gate to the Vaults.
 24614 | D:13     | Reached skill level 16 in Fighting
 25107 | D:14     | Reached skill level 15 in Shields
 25111 | D:14     | Reached skill level 15 in Armour
 25428 | Orc:1    | Entered Level 1 of the Orcish Mines
 25468 | Orc:2    | Entered Level 2 of the Orcish Mines
 25654 | Orc:2    | Reached XP level 16. HP: 136/152 MP: 25/25
 25683 | Orc:2    | Found Eckusaed's Armour Emporium.
 25878 | Orc:2    | Found Foebaewn's Armour Shop.
 25883 | Orc:2    | Found Olofuq's General Store.
 25884 | Orc:2    | Found Kistry's Book Emporium.
 25954 | Orc:2    | Found a staircase to the Elven Halls.
 26156 | Orc:2    | Found a runed translucent gate.
 26157 | Orc:2    | Found a runed translucent gate.
 26161 | Orc:2    | Noticed Luihuable's ghost (journeyman HOCK)
 26272 | Orc:2    | Found a runed translucent gate.
 26486 | Orc:2    | Found an iron altar of Okawaru.
 26621 | Orc:1    | Reached skill level 17 in Fighting
 27171 | Orc:2    | Bought a +1 pair of gloves for 172 gold pieces
 27443 | Snake:1  | Entered Level 1 of the Snake Pit
 27888 | Snake:1  | Reached skill level 1 in Dodging
 27918 | Snake:1  | Reached ****** piety under the Shining One
 28020 | Snake:1  | Found Fommikau's General Store.
 28027 | Snake:1  | Bought a throwing net for 54 gold pieces
 30295 | Snake:3  | Reached XP level 17. HP: 77/163 MP: 27/27
 30565 | Snake:3  | Reached skill level 18 in Fighting
 30926 | Snake:3  | Found Coitop's Book Shop.
 30932 | Snake:3  | Found Eropriha's Jewellery Emporium.
 30933 | Snake:3  | Found Qucrybumuc's Book Shop.
 31227 | Snake:4  | Entered Level 4 of the Snake Pit
 31759 | Snake:4  | Found a radiant altar of Vehumet.
 31807 | Snake:4  | Noticed Saint Roka
 31833 | Snake:4  | Killed Saint Roka
 32546 | Snake:4  | Identified the serpent talisman of Cesch {Dex+2}
 32546 | Snake:4  | Noticed Aizul
 32572 | Snake:4  | Killed Aizul
 33091 | Snake:4  | Demolished by a nagaraja

Illustrated notes

Levels and vault maps discovered:
D:1:      dpeg_arrival_central, layout_loops_corners, serial_glass,
          glass_columns_c, glass_columns_b, glass_columns_a, glass_columns_a,
          glass_columns_a, glass_columns_b, glass_columns_a, glass_columns_b,
          glass_columns_a, glass_columns_a, glass_columns_a, glass_columns_a,
          glass_columns_a, glass_columns_c, item_on_display_a, serial_shops,
          shop
D:2:      cheibrodos_fertilizer, layout_loops_cross,
          hellmonk_ecumenical_altar_heavens_door
D:3:      layout_loops_corners, uniq_jessica
D:4:      wander_river, layout_loops_corners, minmay_temple_entry_glassed_door,
          uniq_pikel
D:5:      layout_gridville, nzn_overflow_gifts_of_might_and_magic, uniq_edmund,
          uniq_sigmund, uniq_eustachio
D:6:      layout_cave_pools, dreamdust_princess_bridge,
          minmay_fractal_squares_gapless_5
D:7:      layout_cave_pools, kennysheep_diamond, minmay_misc_feat_secret_circle,
          nicolae_concentric_dashed_squares_wild, uniq_maurice
D:8:      layout_rooms, st_stairs_14, uniq_psyche
D:9:      layout_loops_ring, gammafunk_temple_overflow_wave, lair_entry_dummy,
          gammafunk_ghost_smash, uniq_erolcha
D:10:     layout_long_grid, gammafunk_ghost_wrathful_warriors, serial_shops,
          nicolae_shop_bloodbath_and_beyond, uniq_nergalle
D:11:     regret_index_malice_mire, layout_stronghold, serial_rivers,
          chequers_serial_rivers_micro_e, chequers_serial_rivers_micro_b,
          chequers_serial_rivers_room_a, chequers_serial_rivers_micro_b,
          chequers_serial_rivers_micro_d, minmay_misc_feat_doors
D:12:     layout_roguey, erik_orc_4, serial_shops, nicolae_lakefront_shop,
          kennysheep_small_circle, uniq_rupert
D:13:     layout_basic, skrybe_vaults_entry_preservation, minmay_statue_bubble,
          uniq_kirke, uniq_lodul
D:14:     layout_loops_cross, good_gods_temple_1, kennysheep_small_square
Temple:   nicolae_temple_bog_church
Lair:1:   layout_chaotic_city, bh_autumn_forest_stairs, grunt_megastairs_4
Lair:2:   lemuel_ratsnest, layout_cave_shapes, nicolae_shoals_entry_flooding,
          nicolae_snake_entry_warm_welcome, lemuel_fruit_tree,
          grunt_megastairs_2
Lair:3:   layout_gridlike, serial_bayou_ford_a, uniq_nessos, uniq_prince_ribbit2
Lair:4:   layout_roguey, hangedman_lair_unloving_vines
Lair:5:   due_jungle_book, layout_regular_city, slime_entry_1, st_stairs_5,
          infiniplex_staircase_pool_2, serial_bayou_shore_b, uniq_urug
Snake:1:  layout_basic, serial_shops, nicolae_shop_stone
Snake:2:  layout_chambers
Snake:3:  layout_rooms, minmay_shop_grove, serial_bayou_shore_b
Snake:4:  minmay_snake_end_coiled, layout_grid_maze, basic_altar, uniq_aizul,
          uniq_saint_roka, uniq_vashnia
Orc:1:    layout_diamond_mine
Orc:2:    st_orc_open, layout_diamond_mine, gammafunk_ghost_fury_of_okawaru

Skill      XL: |  1  2  3  4  5  6  7  8  9 10 11 12 13 14 15 16 17 |
---------------+----------------------------------------------------+-----
Axes           | 3 4 5 6 7 9 10 12 13 14 16 | 16.0
Fighting       | 4 6 7 8 10 11 12 13 15 16 17 18 | 18.8
Armour         | 4 5 6 8 9 10 11 12 14 15 16 17 | 17.3
Shields        | 4 5 6 8 9 10 11 12 14 15 16 17 | 17.3
Invocations    | 1 3 4 6 7 9 10 11 12 13 14 | 14.3
Dodging        | 2 4 |  4.1

Action                     |  1- 3 |  4- 6 |  7- 9 | 10-12 | 13-15 | 16-18 || total
---------------------------+-------+-------+-------+-------+-------+-------++-------
  Melee: War axe           |    69 |   155 |   281 |   464 |  1167 |   953 ||  3089
  Throw: Throwing net      |       |       |       |     1 |       |       ||     1
 Invoke: Heal Self         |       |       |     2 |     3 |       |       ||     5
         Heal Other        |       |       |       |     4 |       |       ||     4
         Divine Shield     |       |       |       |     1 |       |       ||     1
         Summon Divine War |       |       |       |       |     2 |     2 ||     4
         Cleansing Flame   |       |       |       |       |       |     1 ||     1
  Evoke: Wand              |       |       |       |     5 |     7 |       ||    12
    Use: Potion            |       |     1 |     6 |     7 |     9 |     3 ||    26
         Scroll            |       |       |     3 |    17 |     7 |    11 ||    38
 Armour: Scale mail        |    44 |    64 |       |       |       |       ||   108
         Ring mail         |       |    28 |   284 |   261 |       |       ||   573
         Skin              |       |       |       |    16 |    21 |       ||    37
         Swamp dragon scal |       |       |       |    67 |   721 |   611 ||  1399
  Dodge: Dodged            |    27 |    49 |   139 |   184 |   326 |   295 ||  1020
         Repelled          |       |       |       |       |     8 |    42 ||    50
  Block: Buckler           |     7 |       |       |       |       |       ||     7
         Kite shield       |     8 |    75 |   159 |   264 |   574 |   608 ||  1688

Table legend: (Time is in decaauts)
 A = Elapsed time spent in this place.
 B = Non-inter-level travel time spent in this place.
 C = Inter-level travel time spent in this place.
 D = Time resting spent in this place.
 E = Time spent auto-exploring this place.
 F = Levels seen in this place.
 G = Mean time per level.
                   A        B        C        D        E       F      G
               +--------+--------+--------+--------+--------+-----+--------+
         Total |  32848 |  30921 |   1927 |   6078 |  18626 |  26 | 1263.4 |
       Dungeon |  17661 |  16603 |   1058 |   3387 |  10028 |  14 | 1261.5 |
        Temple |     47 |     31 |     16 |      0 |      0 |   1 |   47.0 |
          Lair |   7812 |   7355 |    457 |   1637 |   4353 |   5 | 1562.4 |
     Snake Pit |   5496 |   5270 |    226 |    920 |   3071 |   4 | 1374.0 |
  Orcish Mines |   1831 |   1664 |    167 |    133 |   1173 |   2 |  915.5 |
               +--------+--------+--------+--------+--------+-----+--------+

Top non-repeatable levels by time:
    D:11: 2672 daAuts
  Lair:5: 2282 daAuts
  Lair:2: 2126 daAuts
 Snake:2: 1775 daAuts
     D:5: 1709 daAuts
 Snake:4: 1546 daAuts
     D:9: 1497 daAuts
  Lair:3: 1493 daAuts
    D:10: 1454 daAuts
 Snake:3: 1346 daAuts
     D:4: 1257 daAuts
     D:8: 1242 daAuts
    D:14: 1169 daAuts
  Lair:1: 1135 daAuts
     D:1: 1077 daAuts
